Map: Concord LE

Players

WildeHilde - Winner!

  • Race: Zerg Zerg
  • Spawn Location: 9:00

Loque - Winner!

  • Race: Zerg Zerg
  • Spawn Location: 7:00

Rexmundi - Winner!

  • Race: Terran Terran
  • Spawn Location: 6:00

MooEsqoo - Winner!

  • Race: Protoss Protoss
  • Spawn Location: 6:00

SINDIOS

  • Race: Terran Terran
  • Spawn Location: 3:00

CAHgPO

  • Race: Protoss Protoss
  • Spawn Location: 1:00

ÆđiÞjóđúr

  • Race: Protoss Protoss
  • Spawn Location: 3:00

Marat

  • Race: Protoss Protoss
  • Spawn Location: 12:00

VOD

Have the link to the VOD?

Description

Time

  • Played on: Dec. 14, 2019, 12:21 a.m.
  • Length: 18:04
Show
View Real Time Build Order
Export as new Build Order

WildeHilde Zerg - Winner!

Build Orders: Hatch First 

Get SALT Encoding   

  12  1:31  Drone x2  
  12  1:32  Overlord  
  14  1:39  Hatchery  
  13  1:41  Extractor  
  13  1:44  Spawning Pool  
  13  1:45  Drone  
  13  2:01  Drone  
  13  2:07  Drone  
  14  2:10  Hatchery  
  13  2:22  Drone  
  14  2:45  Drone x2  
  14  2:46  Metabolic Boost  
  14  2:49  Spore Crawler  
  15  2:51  Zergling x2  
  15  2:53  Drone  
  15  2:56  Queen  
  19  3:00  Overlord  
  19  3:09  Drone  
  19  3:10  Drone  
  22  3:20  Zergling x4  
  22  3:24  Zergling x2  
  25  3:27  Zergling x2  
  25  3:39  Zergling x4  
  27  3:43  Drone  
  28  3:54  Drone  
  28  3:55  Drone  
  30  4:01  Zergling x2  
  30  4:02  Zergling x2  
  32  4:03  Zergling x2  
  33  4:14  Drone x3  
  36  4:27  Spore Crawler  
  36  4:28  Drone x2  
  36  4:29  Spore Crawler  
  36  4:30  Drone  
  37  4:45  Drone x5  
  42  4:49  Extractor  
  42  4:51  Extractor  
  42  4:52  Drone x2  
  42  5:14  Spore Crawler  
  42  5:16  Spore Crawler, Queen  
  42  5:18  Overlord  
  42  5:19  Overlord  
  42  5:37  Queen  
  42  5:39  Drone x7  
  51  6:04  Spore Crawler  
  50  6:11  Lair  
  50  6:16  Spore Crawler  
  50  6:17  Spore Crawler, Drone x10  
  58  6:40  Spore Crawler  
  58  6:47  Extractor  
  56  6:56  Drone x2  
  56  6:57  Overlord x4  
  58  7:29  Spore Crawler  
  57  7:31  Drone x4  
  57  7:32  Drone x3  
  64  7:40  Spire  
  63  8:26  Hatchery  
  62  8:53  Corruptor x11  
  62  8:54  Corruptor x3  
  90  8:56  Overlord x2  
  90  8:57  Overlord  
  90  9:01  Zerg Flyer Weapons Level 1  
  90  9:15  Corruptor  
  90  9:16  Corruptor x2  
  96  9:37  Corruptor x3  
  102  9:55  Corruptor x3  
  88  10:48  Corruptor  
  88  10:49  Corruptor x5  
  81  10:53  Drone  
  81  10:54  Drone x5  
  85  11:11  Corruptor x2  
  89  11:18  Extractor x2  
  87  11:30  Spore Crawler x2  
  87  11:31  Drone x3  
  87  11:32  Drone x2  
  90  11:45  Drone x5  
  95  11:57  Zerg Flyer Armor Level 1  
  95  12:06  Corruptor  
  95  12:07  Corruptor x2  
  101  12:10  Overlord  
  101  12:39  Corruptor x7  
  115  13:04  Corruptor x4  
  117  13:45  Corruptor x5  
  125  14:53  Corruptor  
  125  14:54  Corruptor  
  125  14:56  Overlord x3  
  125  14:57  Overlord  
  120  15:38  Corruptor  
  120  15:39  Corruptor x8  
  120  15:40  Corruptor x6  
  140  16:39  Corruptor  
  140  16:40  Corruptor x8  
  150  17:23  Corruptor x5  
  160  17:46  Overlord x3  
Show
View Real Time Build Order
Export as new Build Order

Loque Zerg - Winner!

Build Orders: Hatch First 

Get SALT Encoding   

  12  0:02  Drone  
  13  0:10  Drone  
  14  0:16  Overlord  
  14  0:34  Drone x2  
  16  0:36  Drone  
  17  0:55  Hatchery  
  16  1:02  Drone x2  
  18  1:12  Drone  
  18  1:16  Spawning Pool  
  18  1:24  Extractor, Drone  
  18  1:31  Drone  
  19  1:39  Drone  
  20  1:53  Overlord  
  20  2:00  Drone  
  21  2:06  Queen  
  21  2:07  Queen  
  25  2:09  Drone  
  25  2:12  Drone  
  27  2:27  Drone x2  
  29  2:32  Drone  
  29  2:35  Metabolic Boost  
  30  2:38  Drone  
  30  2:41  Drone  
  32  2:47  Drone  
  32  2:50  Overlord  
  33  3:02  Drone x2  
  35  3:08  Hatchery  
  35  3:10  Lair  
  35  3:12  Extractor, Drone x2  
  35  3:23  Zergling x2  
  35  3:24  Drone x5  
  41  3:30  Drone  
  41  3:34  Roach Warren  
  41  3:36  Drone  
  41  3:37  Evolution Chamber  
  41  3:39  Drone  
  42  3:55  Drone  
  42  3:56  Overlord x2, Drone  
  44  4:05  Zerg Ground Armor Level 1  
  44  4:09  Evolution Chamber  
  43  4:11  Drone  
  43  4:12  Drone, Hydralisk Den  
  43  4:13  Extractor  
  42  4:22  Overlord  
  42  4:23  Drone x4  
  42  4:24  Queen, Drone  
  49  4:36  Drone  
  49  4:37  Zerg Missile Weapons Level 1  
  50  4:42  Grooved Spines, Extractor  
  49  4:48  Extractor, Drone x2  
  49  4:51  Hydralisk  
  52  4:53  Hydralisk  
  52  4:59  Hydralisk  
  54  5:05  Drone x5  
  54  5:06  Drone x4  
  65  5:11  Drone  
  66  5:17  Spore Crawler  
  66  5:20  Spore Crawler  
  64  5:22  Spore Crawler  
  64  5:24  Hydralisk x3  
  69  5:40  Overlord  
  69  5:41  Overlord x3  
  69  5:56  Overlord  
  69  6:00  Drone x6  
  69  6:01  Hydralisk, Drone x2  
  69  6:02  Extractor  
  78  6:08  Hydralisk  
  80  6:12  Muscular Augments  
  80  6:13  Zerg Ground Armor Level 2  
  80  6:15  Overlord  
  80  6:16  Hydralisk, Overlord  
  82  6:18  Drone  
  82  6:19  Drone x2  
  82  6:20  Drone  
  86  6:28  Hydralisk x2  
  86  6:29  Hydralisk  
  92  6:38  Hydralisk  
  92  6:39  Hydralisk x2, Infestation Pit  
  95  6:43  Overseer  
  95  6:44  Hydralisk  
  99  6:53  Hydralisk  
  101  7:02  Hydralisk  
  101  7:03  Hydralisk x3  
  109  7:11  Drone x2  
  109  7:13  Zergling x4, Overlord  
  109  7:14  Overlord  
  113  7:16  Hatchery  
  113  7:17  Drone x2  
  113  7:18  Drone x2  
  116  7:27  Hydralisk x3  
  122  7:50  Hydralisk x8  
  138  7:51  Overlord x2  
  136  8:09  Overseer x2  
  136  8:10  Extractor  
  135  8:13  Extractor  
  135  8:17  Hydralisk x6  
  135  8:18  Overlord  
  135  8:19  Overlord x2  
  146  8:24  Zerg Missile Weapons Level 2  
  146  8:26  Hive  
  146  8:27  Hydralisk  
  146  8:28  Hydralisk  
  150  8:40  Hydralisk x3  
  156  8:49  Spore Crawler, Overseer  
  156  8:50  Spore Crawler  
  156  8:51  Hydralisk x4  
  162  9:06  Drone x6  
  162  9:07  Spire  
  167  9:12  Overlord  
  167  9:13  Overlord  
  167  9:15  Drone  
  168  9:30  Hydralisk x3, Queen  
  176  9:35  Drone x2  
  176  9:36  Drone x5  
  183  9:40  Drone  
  184  9:46  Spore Crawler  
  184  9:48  Overlord x3  
  184  9:50  Zergling x2  
  184  9:54  Glial Reconstitution  
  184  9:56  Zerg Ground Armor Level 3  
  184  10:01  Overlord x4  
  136  10:22  Hatchery  
  130  10:31  Hydralisk  
  130  10:32  Hydralisk x11  
  122  10:44  Hydralisk  
  122  10:45  Hydralisk x3  
  126  10:56  Hydralisk x3  
  126  10:57  Hydralisk  
  122  10:59  Zerg Flyer Weapons Level 1  
  122  11:05  Hydralisk x3  
  122  11:06  Zerg Missile Weapons Level 3  
  128  11:12  Hydralisk  
  128  11:18  Hydralisk x4  
  130  11:19  Hydralisk  
  130  11:20  Hydralisk x2  
  130  11:22  Hydralisk  
  130  11:23  Hydralisk  
  148  11:27  Hydralisk  
  148  11:28  Hydralisk  
  148  11:29  Drone  
  148  11:30  Hydralisk  
  148  11:31  Hydralisk  
  157  11:34  Drone  
  158  11:42  Hydralisk  
  158  11:43  Hydralisk x4  
  168  11:51  Spore Crawler  
  168  11:54  Spore Crawler, Drone x5  
  166  11:56  Extractor  
  166  11:57  Extractor  
  169  12:04  Queen  
  169  12:05  Hydralisk x4  
  179  12:16  Overlord  
  179  12:17  Hydralisk x4  
  179  12:18  Hydralisk  
  179  12:20  Hydralisk  
  191  12:26  Hydralisk  
  191  12:27  Hydralisk x2  
  191  12:28  Overseer  
  197  12:36  Hydralisk  
  197  12:40  Zerg Melee Weapons Level 1  
  197  12:41  Ultralisk Cavern  
  198  12:49  Zergling x4  
  200  12:55  Overseer  
  200  12:58  Baneling Nest  
  199  13:36  Hydralisk  
  198  14:02  Hydralisk  
  183  14:20  Hatchery  
  142  14:24  Hydralisk  
  142  14:25  Hydralisk x17  
  174  14:33  Hydralisk  
  154  14:41  Hydralisk  
  154  14:42  Hydralisk x3  
  154  14:45  Hydralisk  
  160  14:50  Zerg Flyer Weapons Level 2  
  160  14:52  Zerg Melee Weapons Level 2  
  162  14:53  Chitinous Plating, Centrifical Hooks  
  162  15:09  Zergling x22  
  162  15:10  Zergling x6  
  164  15:34  Extractor  
  164  15:35  Extractor  
  136  15:36  Hydralisk, Zergling x4  
  136  15:37  Hydralisk x4, Zergling x20  
  156  16:01  Hydralisk x11  
  150  16:18  Hydralisk  
  150  16:19  Hydralisk x7  
  156  16:49  Hydralisk x14  
  156  16:50  Hydralisk x3  
  156  16:51  Hydralisk  
  156  16:52  Hydralisk x3  
  194  17:02  Hydralisk  
  194  17:03  Hydralisk x3  
Show
View Real Time Build Order
Export as new Build Order

Rexmundi Terran - Winner!

Build Orders: Command Center First (CC) 

Get SALT Encoding   

  12  0:01  SCV  
  13  0:13  SCV  
  14  0:18  Supply Depot  
  14  0:29  SCV  
  15  0:41  SCV  
  16  1:02  Command Center  
  16  1:05  SCV  
  17  1:17  SCV  
  18  1:30  Refinery  
  18  1:31  SCV  
  18  1:32  Refinery  
  19  1:39  Barracks  
  19  1:43  SCV  
  20  1:48  Supply Depot  
  20  1:55  SCV  
  21  2:08  SCV  
  22  2:15  SCV  
  23  2:20  SCV  
  24  2:27  SCV, Factory  
  25  2:32  SCV  
  25  2:33  Barracks Tech Lab  
  26  2:39  SCV  
  28  2:44  SCV  
  28  2:51  SCV  
  28  2:56  Stimpack, SCV  
  28  2:57  Barracks  
  30  3:03  SCV  
  31  3:08  SCV  
  32  3:15  SCV, Factory Tech Lab  
  32  3:17  Barracks  
  33  3:20  SCV  
  34  3:27  SCV  
  34  3:31  Marine  
  34  3:34  SCV  
  37  3:36  Siege Tank  
  37  3:40  SCV  
  41  3:46  SCV  
  41  3:47  Barracks Reactor  
  42  3:49  Marine  
  42  3:52  SCV  
  42  3:53  Starport  
  44  4:01  Starport  
  44  4:04  SCV x2  
  44  4:08  Barracks Reactor  
  44  4:09  Refinery x2  
  46  4:22  Supply Depot  
  46  4:24  Supply Depot  
  46  4:33  Starport Reactor  
  46  4:43  Marine  
  46  4:44  SCV  
  46  4:45  Supply Depot  
  48  4:47  Orbital Command  
  48  4:48  Supply Depot  
  48  4:50  Engineering Bay x2, Armory  
  48  4:56  Orbital Command  
  48  4:59  Starport Reactor  
  48  5:02  Marine  
  48  5:03  Marine x2  
  48  5:04  Marine  
  23  5:31  SCV  
  23  5:32  SCV  
  23  5:43  SCV  
  23  5:44  SCV  
  25  5:55  SCV  
  25  5:56  SCV  
  27  6:08  SCV x2  
  29  6:11  Terran Infantry Armor Level 1  
  29  6:12  Terran Infantry Weapons Level 1  
  29  6:20  SCV x2  
  31  6:32  SCV x2  
  33  6:33  Marine x3  
  33  6:34  Marine x2  
  33  6:38  Medivac  
  40  6:44  SCV x2  
  38  6:51  Marine  
  38  6:56  SCV x2  
  38  7:01  Marine x4  
  43  7:09  Marine  
  38  7:19  Marine x4  
  42  7:27  Marine  
  38  7:36  Marine  
  38  7:37  Marine  
  32  7:49  SCV  
  32  7:50  SCV  
  34  8:01  SCV  
  34  8:02  SCV  
  36  8:13  Widow Mine  
  36  8:14  SCV x2  
  40  8:26  SCV x2  
  42  8:35  Widow Mine  
  42  8:38  SCV x2  
  43  8:49  Medivac x3  
  43  8:50  SCV x2  
  51  9:02  SCV x2  
  52  9:07  Marine x5  
  58  9:10  Widow Mine  
  58  9:14  SCV  
  58  9:15  SCV  
  62  9:24  Marine  
  62  9:26  SCV  
  64  9:31  Widow Mine  
  64  9:37  Marine x4  
  70  9:40  Combat Shield  
  70  9:42  Marine  
  71  9:55  Marine x4  
  71  9:58  SCV  
  71  9:59  SCV  
  77  10:04  Supply Depot  
  77  10:05  Supply Depot  
  77  10:07  Supply Depot  
  77  10:10  SCV  
  78  10:26  SCV x2  
  80  10:38  SCV x2  
  82  10:44  Terran Infantry Armor Level 2, Terran Infantry Weapons Level 2  
  82  10:46  Marine x3  
  82  10:47  Marine x2  
  87  10:50  SCV x2  
  89  11:02  SCV x2  
  89  11:04  Marine x5  
  96  11:11  Command Center  
  96  11:22  Medivac, Marine x3  
  101  11:29  Medivac x3  
  101  11:30  Supply Depot  
  101  11:31  Supply Depot  
  101  11:32  Supply Depot  
  107  11:37  Marine  
  107  11:38  Marine  
  107  11:39  Marine  
  110  11:52  Medivac, Marine x2  
  114  11:55  Marine x2, Supply Depot x2  
  114  11:57  Marine  
  117  12:07  Medivac  
  117  12:08  Medivac  
  121  12:09  Medivac, Marine x2  
  121  12:13  Marine x2  
  121  12:15  Marine  
  128  12:18  SCV x2  
  130  12:27  Medivac  
  132  12:30  SCV x2  
  132  12:36  Orbital Command  
  134  12:37  Medivac  
  134  12:38  Medivac  
  134  12:41  Marine x2  
  134  12:42  Marine  
  134  12:43  Marine  
  142  12:45  Marine  
  143  12:52  Barracks  
  143  12:58  Barracks  
  143  12:59  Marine  
  143  13:05  Terran Infantry Weapons Level 3  
  144  13:06  Terran Infantry Armor Level 3  
  112  13:37  Marine x3  
  112  13:38  Marine x2  
  116  13:50  SCV  
  116  13:51  SCV x2  
  119  13:56  Barracks Reactor  
  119  14:01  Barracks Reactor  
  119  14:02  Barracks  
  119  14:03  SCV x3  
  119  14:04  Barracks  
  119  14:07  Medivac  
  119  14:08  Medivac x3  
  130  14:11  Marine  
  130  14:12  Marine x4  
  130  14:15  SCV x3  
  138  14:27  SCV x3  
  138  14:29  Marine x5  
  146  14:37  Supply Depot  
  146  14:38  Supply Depot  
  146  14:39  SCV  
  146  14:42  Marine x4, Supply Depot  
  146  14:44  Supply Depot  
  151  14:47  Marine x5  
  156  15:00  Marine x4  
  156  15:02  Supply Depot  
  156  15:04  Marine  
  144  15:11  Marine  
  144  15:12  Marine x5  
  138  15:17  Marine  
  138  15:18  Marine x3  
  139  15:22  Marine  
  138  15:29  Marine  
  138  15:30  Marine x5  
  138  15:35  Marine  
  138  15:36  Marine x3  
  138  15:40  Marine  
  143  15:47  Marine x4  
  143  15:48  Marine x2  
  149  15:53  Marine x2  
  149  15:54  Marine x2  
  153  15:58  Marine  
  154  16:05  Marine x6  
  154  16:11  Marine x4  
  160  16:16  Marine  
  165  16:22  Marine  
  165  16:23  Marine x5  
  171  16:29  Marine x4  
  175  16:34  Marine  
  175  16:40  Marine  
  175  16:41  Marine x5  
  175  16:46  Marine  
  181  16:47  Marine x3  
  181  16:51  Marine  
  186  16:58  Marine  
  186  16:59  Marine x5  
  183  17:04  Marine  
  183  17:05  Marine x3  
  166  17:09  Marine  
  167  17:16  Marine x3  
  167  17:17  Marine x3  
  167  17:22  Marine  
  174  17:23  Marine x3  
  174  17:26  Medivac x3  
  174  17:27  Medivac, Marine  
  186  17:34  Marine x6  
  192  17:40  Marine x4  
  196  17:45  Marine  
  196  17:48  Command Center  
Show
View Real Time Build Order
Export as new Build Order

MooEsqoo Protoss - Winner!

Build Orders: 1 Gate Expand, Oracle Opening, Carriers 

Get SALT Encoding   

  12  0:01  Probe  
  13  0:18  Probe  
  13  0:19  Pylon  
  14  0:35  Probe  
  15  0:39  Gateway  
  15  0:46  Assimilator  
  15  0:47  Probe (Chrono Boost)  
  17  0:59  Probe (Chrono Boost)  
  17  1:03  Probe (Chrono Boost)  
  18  1:28  Nexus  
  18  1:38  Cybernetics Core  
  18  1:51  Pylon  
  18  1:53  Assimilator  
  18  1:54  Probe  
  19  2:06  Probe  
  20  2:18  Probe  
  21  2:27  Stalker (Chrono Boost)  
  21  2:30  Probe  
  21  2:32  Warp Gate  
  24  2:37  Stargate  
  24  2:41  Probe  
  24  2:42  Probe  
  26  2:53  Probe  
  26  2:54  Probe  
  28  3:03  Stalker  
  28  3:05  Probe  
  31  3:06  Probe  
  32  3:13  Shield Battery  
  32  3:17  Probe  
  32  3:18  Probe  
  34  3:22  Oracle (Chrono Boost)  
  37  3:29  Probe  
  37  3:31  Probe  
  39  3:41  Probe, Stalker  
  41  3:43  Probe  
  43  3:53  Probe  
  43  3:55  Probe  
  45  4:02  Assimilator  
  45  4:05  Probe  
  45  4:06  Assimilator  
  46  4:12  Gateway  
  46  4:14  Pylon, Gateway  
  46  4:32  Probe x2  
  48  4:49  Phoenix  
  50  4:53  Stalker  
  50  4:58  Pylon  
  52  5:00  Pylon  
  49  5:15  Forge  
  49  5:17  Twilight Council  
  49  5:22  Shield Battery  
  49  5:41  Stalker x2  
  49  5:42  Stalker  
  55  5:43  Phoenix  
  57  5:52  Photon Cannon  
  57  5:55  Photon Cannon  
  57  5:58  Pylon  
  57  6:01  Pylon  
  57  6:03  Probe x2  
  59  6:06  Protoss Ground Weapons Level 1 (Chrono Boost)  
  59  6:15  Probe x2  
  61  6:23  Charge (Chrono Boost)  
  61  6:24  Templar Archives  
  61  6:27  Probe  
  61  6:29  Sentry  
  61  6:30  Sentry  
  61  6:31  Zealot  
  68  6:35  Phoenix  
  68  6:39  Probe  
  72  6:40  Probe  
  72  6:51  Probe  
  72  6:52  Probe  
  68  7:06  Stalker x2  
  50  7:26  Photon Cannon  
  50  7:29  Photon Cannon  
  50  7:32  Photon Cannon  
  50  7:33  Probe  
  50  7:34  Probe, Photon Cannon  
  50  7:35  Shield Battery  
  52  7:37  Stalker  
  52  7:38  Stalker x2  
  52  7:41  Phoenix  
  60  7:46  Probe x2  
  62  8:15  Pylon  
  62  8:18  Nexus, Pylon  
  62  8:19  Pylon  
  62  8:21  Pylon  
  62  8:29  Gateway  
  62  8:30  Stalker x2  
  62  8:31  Stalker  
  62  8:33  Gateway  
  68  8:49  Protoss Ground Weapons Level 2 (Chrono Boost)  
  68  8:52  Phoenix  
  70  8:59  Pylon  
  70  9:02  Pylon  
  70  9:16  Assimilator  
  70  9:18  High Templar x2  
  70  9:19  Stalker  
  70  9:21  Assimilator  
  70  9:22  Archon  
  76  9:37  Shield Battery  
  76  9:38  Photon Cannon  
  76  9:41  Photon Cannon  
  76  9:42  Shield Battery  
  76  9:44  High Templar x2  
  80  9:48  Zealot  
  80  9:49  Archon  
  82  9:53  Phoenix  
  84  10:01  Fleet Beacon  
  84  10:04  Stargate  
  84  10:07  Stargate  
  84  10:11  Probe x2  
  84  10:12  Probe  
  87  10:23  Probe  
  87  10:28  High Templar x3  
  92  10:32  Zealot x2  
  92  10:34  Archon  
  98  10:48  Carrier (Chrono Boost)  
  104  10:59  Probe x3  
  104  11:02  Zealot x3  
  104  11:03  Zealot x2  
  117  11:11  Protoss Ground Weapons Level 3 (Chrono Boost)  
  117  11:12  Gateway  
  117  11:14  Gateway  
  117  11:17  Gateway  
  117  11:18  Gateway  
  117  11:21  Gateway  
  117  11:22  Gateway  
  117  11:24  Protoss Air Weapons Level 1 (Chrono Boost)  
  117  11:25  Robotics Facility  
  117  11:32  Pylon  
  117  11:41  Pylon  
  117  11:42  Pylon, Carrier x2 (Chrono Boost)  
  117  11:44  Pylon  
  117  11:46  Pylon  
  129  12:02  High Templar  
  129  12:03  Zealot x3  
  129  12:04  Zealot  
  139  12:09  Archon  
  139  12:10  Carrier (Chrono Boost)  
  145  12:32  Pylon  
  145  12:33  Pylon  
  145  12:35  Pylon  
  145  12:41  Carrier (Chrono Boost)  
  157  12:48  Carrier (Chrono Boost)  
  157  13:23  Protoss Air Weapons Level 2 (Chrono Boost)  
  153  13:48  Warp Prism (Chrono Boost)  
  153  13:53  Protoss Ground Armor Level 1 (Chrono Boost)  
  167  14:03  Carrier (Chrono Boost)  
  167  14:08  Carrier x2 (Chrono Boost)  
  173  14:16  Zealot x3  
  179  14:17  Observer  
  156  14:38  Immortal  
  142  14:53  Zealot  
  142  14:54  Zealot x4  
  142  14:55  Zealot x3  
  142  14:56  Zealot  
  140  15:19  Zealot x2  
  140  15:20  Zealot x4  
  140  15:21  Zealot x3  
  132  15:46  Carrier x2  
  132  15:47  Carrier  
  150  15:51  Zealot x4  
  144  16:30  Zealot x2  
  144  16:31  Zealot x2  
  144  16:32  Zealot  
  146  16:51  Carrier x2  
  146  17:01  High Templar x5  
  138  17:02  High Templar x4  
  138  17:05  Archon x2  
  138  17:06  Archon x2  
  152  17:22  Nexus  
  152  17:25  Assimilator  
  152  17:28  High Templar  
  152  17:29  Zealot  
  156  17:30  Assimilator  
  156  17:36  Zealot x2, Archon  
  160  17:37  Zealot x4  
Show
View Real Time Build Order
Export as new Build Order

SINDIOS Terran 

Build Orders: Mech 

Get SALT Encoding   

  12  0:01  SCV  
  13  0:14  SCV  
  14  0:26  SCV  
  15  0:39  Supply Depot  
  15  1:01  SCV, Supply Depot  
  16  1:04  Barracks  
  16  1:13  SCV  
  17  1:33  Command Center  
  17  1:43  Refinery  
  17  1:47  Refinery  
  17  2:00  Bunker  
  17  2:02  Marine  
  17  2:08  SCV  
  19  2:20  Marine  
  20  2:23  Orbital Command  
  20  2:38  Marine  
  20  2:40  Refinery  
  21  2:45  Refinery, Supply Depot  
  21  3:00  Supply Depot  
  21  3:17  Bunker  
  21  3:19  Marine  
  22  3:38  Factory  
  22  3:41  Orbital Command  
  22  3:54  Marine  
  23  4:11  Marine  
  23  4:16  Factory  
  24  4:19  SCV  
  24  4:23  Factory Reactor  
  25  4:25  SCV  
  25  4:29  Marine  
  20  4:47  Marine, SCV  
  20  4:48  SCV  
  23  5:00  Widow Mine  
  23  5:01  Widow Mine  
  27  5:09  SCV  
  27  5:10  SCV  
  29  5:16  Factory Tech Lab  
  29  5:21  SCV  
  29  5:22  SCV  
  31  5:33  Widow Mine  
  31  5:34  Widow Mine  
  35  5:37  Siege Tank  
  38  5:49  SCV x2  
  40  6:01  Widow Mine x2  
  44  6:09  Siege Tank  
  44  6:10  SCV x2  
  49  6:16  Command Center  
  49  6:27  SCV x2  
  51  6:39  SCV x2  
  53  6:47  Siege Tank  
  56  6:50  Widow Mine x2  
  56  6:51  SCV x2  
  62  7:08  Factory  
  62  7:14  Factory  
  62  7:17  Armory  
  62  7:27  SCV x2  
  64  7:39  SCV x2  
  66  7:49  SCV  
  67  7:51  SCV x2  
  67  7:55  Factory Tech Lab  
  67  7:58  Armory  
  69  7:59  Factory Tech Lab  
  69  8:01  Mag-Field Accelerator, SCV  
  69  8:03  Cyclone  
  69  8:05  Widow Mine x2  
  77  8:08  Terran Vehicle Weapons Level 1  
  77  8:13  Drilling Claws  
  77  8:33  Supply Depot  
  77  8:34  Supply Depot  
  77  8:55  Cyclone x2, SCV x2  
  85  8:56  SCV, Supply Depot  
  86  9:07  Widow Mine, SCV x2  
  93  9:18  SCV  
  96  9:25  Supply Depot  
  96  9:28  Supply Depot  
  99  9:37  Siege Tank x3  
  100  9:46  Factory Tech Lab  
  100  9:49  Supply Depot  
  100  9:53  Factory  
  100  9:55  Engineering Bay  
  100  10:09  Siege Tank  
  74  10:43  Siege Tank  
  74  10:44  Siege Tank x3  
  86  11:16  Siege Tank x4  
  98  11:20  Terran Vehicle Weapons Level 2, Terran Vehicle And Ship Armor Level 1  
  98  11:47  Command Center  
  98  11:49  Command Center  
  98  11:52  Refinery  
  98  11:54  Refinery, Siege Tank x4  
  110  12:10  Supply Depot  
  110  12:11  Supply Depot  
  110  12:13  Supply Depot  
  110  12:15  Supply Depot  
  110  12:22  Command Center  
  110  12:25  Refinery  
  110  12:32  SCV x2  
  110  12:35  Missile Turret, Supply Depot  
  112  12:41  Factory Tech Lab  
  112  12:43  Refinery, Siege Tank x4  
  124  12:44  SCV x2  
  125  12:56  SCV x2  
  125  13:05  Planetary Fortress  
  125  13:07  Planetary Fortress  
  125  13:08  SCV x2  
  127  13:20  SCV x2  
  129  13:33  Refinery  
  129  13:34  Refinery  
  129  13:36  Siege Tank x3  
  138  13:57  Command Center  
  138  13:59  Siege Tank x2  
  144  14:08  Siege Tank  
  93  14:54  Thor  
  93  14:55  Siege Tank x2  
  93  14:56  Siege Tank x2  
  104  15:16  Planetary Fortress  
  97  15:28  Terran Vehicle And Ship Armor Level 2  
  56  16:30  Thor  
  56  16:31  Thor x4  
  77  17:13  Thor x2  
  77  17:14  Thor  
Show
View Real Time Build Order
Export as new Build Order

CAHgPO Protoss 

Build Orders:  

Get SALT Encoding   

  12  0:37  Probe (Chrono Boost)  
  13  0:45  Pylon  
  13  0:47  Probe (Chrono Boost)  
  14  0:52  Probe (Chrono Boost)  
  15  1:04  Probe (Chrono Boost)  
  16  1:07  Nexus  
  16  1:14  Probe (Chrono Boost)  
  17  1:25  Gateway  
  17  1:27  Assimilator, Probe  
  18  1:40  Assimilator  
  18  1:41  Probe  
  19  1:53  Probe  
  20  2:05  Probe  
  21  2:14  Cybernetics Core  
  21  2:17  Probe  
  21  2:21  Forge  
  23  2:22  Probe (Chrono Boost)  
  23  2:35  Probe (Chrono Boost)  
  23  2:36  Probe (Chrono Boost)  
  26  2:45  Probe (Chrono Boost)  
  26  2:51  Nexus  
  26  2:52  Pylon  
  26  3:00  Probe  
  26  3:01  Probe  
  28  3:06  Assimilator  
  28  3:13  Probe  
  28  3:16  Stargate  
  28  3:19  Pylon  
  29  3:31  Probe x2 (Chrono Boost)  
  31  3:41  Protoss Air Weapons Level 1  
  31  3:43  Probe (Chrono Boost)  
  31  3:44  Probe (Chrono Boost)  
  33  3:50  Probe x2 (Chrono Boost)  
  35  4:03  Stargate  
  35  4:04  Void Ray (Chrono Boost)  
  39  4:11  Probe x3  
  39  4:14  Assimilator  
  39  4:17  Pylon  
  42  4:23  Probe x3  
  45  4:41  Photon Cannon  
  45  4:57  Void Ray x2  
  53  5:05  Probe x3  
  56  5:08  Assimilator  
  56  5:12  Assimilator  
  56  5:14  Photon Cannon  
  56  5:26  Probe x3  
  59  5:30  Pylon  
  59  5:42  Fleet Beacon  
  59  5:43  Void Ray  
  59  5:48  Oracle  
  66  5:55  Pylon x2  
  66  5:57  Probe x2  
  66  5:58  Probe  
  69  6:06  Protoss Shields Level 1  
  69  6:10  Probe  
  69  6:11  Probe x2  
  72  6:16  Unknown  
  72  6:19  Protoss Air Armor Level 1  
  72  6:23  Probe x3  
  75  6:28  Void Ray  
  75  6:30  Void Ray  
  83  6:40  Stargate  
  83  6:42  Stargate  
  83  6:46  Probe (Chrono Boost)  
  86  6:49  Probe x2 (Chrono Boost)  
  86  6:57  Probe (Chrono Boost)  
  87  7:02  Probe (Chrono Boost)  
  88  7:11  Void Ray  
  88  7:13  Void Ray  
  96  7:24  Void Ray  
  100  7:35  Pylon  
  100  7:37  Pylon  
  100  7:40  Pylon  
  100  7:42  Pylon  
  100  7:44  Pylon  
  100  7:53  Void Ray  
  100  8:03  Void Ray  
  100  8:04  Void Ray  
  89  8:47  Void Ray x2  
  89  8:48  Void Ray x2  
  93  9:05  Stargate  
  93  9:07  Stargate  
  93  9:08  Stargate  
  93  9:11  Pylon  
  93  9:12  Pylon, Cybernetics Core  
  93  9:16  Twilight Council  
  93  9:21  Probe x3  
  96  9:26  Protoss Air Weapons Level 2  
  88  9:53  Void Ray x3  
  88  9:54  Void Ray  
  88  9:58  Void Ray x3  
  116  10:01  Nexus  
  116  10:04  Pylon  
  116  10:07  Pylon  
  116  10:09  Assimilator  
  116  10:14  Assimilator  
  96  10:55  Void Ray x6  
  120  11:12  Nexus  
  120  11:14  Assimilator  
  120  11:19  Assimilator  
  120  11:28  Void Ray  
  124  11:39  Probe x2  
  127  11:40  Probe  
  127  11:51  Probe x2  
  127  11:52  Probe  
  130  12:03  Void Ray x2  
  130  12:04  Void Ray x4  
  154  12:17  Pylon  
  154  12:18  Pylon  
  154  12:20  Pylon  
  154  12:21  Pylon  
  154  12:30  Probe x3  
  157  12:50  Void Ray x6  
  157  12:51  Void Ray  
  185  13:21  Pylon  
  185  13:22  Probe  
  185  13:23  Probe x4  
  185  13:25  Pylon  
  190  13:33  Void Ray  
  194  13:46  Void Ray  
  111  14:51  Tempest x3  
  111  14:52  Tempest x4  
  106  15:52  Tempest x6  
  106  15:53  Tempest  
Show
View Real Time Build Order
Export as new Build Order

ÆđiÞjóđúr Protoss 

Build Orders: Phoenix Opening, Carriers 

Get SALT Encoding   

  12  0:01  Probe  
  13  0:13  Probe  
  14  0:19  Pylon  
  14  0:25  Probe  
  15  0:37  Probe (Chrono Boost)  
  15  0:38  Gateway  
  16  0:49  Assimilator, Probe (Chrono Boost)  
  17  0:55  Assimilator, Probe (Chrono Boost)  
  18  1:12  Probe  
  19  1:24  Probe  
  19  1:25  Cybernetics Core  
  20  1:28  Pylon  
  20  1:36  Probe  
  21  1:48  Probe  
  22  2:00  Probe  
  23  2:05  Stargate  
  23  2:12  Probe  
  24  2:25  Probe  
  24  2:26  Nexus  
  25  2:39  Probe, Pylon  
  26  2:46  Void Ray (Chrono Boost)  
  30  3:00  Probe  
  31  3:06  Stargate  
  31  3:11  Assimilator  
  32  3:12  Probe  
  32  3:24  Phoenix  
  32  3:25  Probe  
  35  3:28  Assimilator  
  35  3:37  Probe  
  35  3:39  Probe  
  37  3:49  Probe  
  37  3:52  Probe  
  39  3:58  Void Ray  
  43  4:14  Void Ray  
  43  4:16  Probe  
  48  4:21  Pylon  
  48  4:23  Probe  
  49  4:35  Probe x2  
  51  4:44  Phoenix  
  53  4:47  Probe x2  
  55  4:58  Phoenix  
  57  5:00  Pylon  
  57  5:11  Probe x2  
  57  5:12  Phoenix  
  61  5:18  Pylon x2  
  61  5:19  Protoss Air Weapons Level 1 (Chrono Boost)  
  61  5:23  Probe  
  62  5:30  Probe  
  62  5:31  Phoenix  
  66  5:35  Probe  
  66  5:40  Phoenix  
  66  5:42  Probe  
  69  5:47  Probe  
  70  5:50  Pylon  
  70  5:54  Probe  
  71  6:02  Phoenix  
  73  6:04  Probe  
  73  6:05  Phoenix  
  76  6:16  Nexus  
  76  6:19  Pylon  
  76  6:38  Fleet Beacon, Void Ray  
  80  6:40  Probe x2  
  82  6:52  Probe  
  83  7:16  Void Ray  
  83  7:17  Probe x2  
  85  7:39  Void Ray  
  85  7:41  Anion Pulse-Crystals (Chrono Boost)  
  85  7:42  Probe x2  
  91  7:49  Protoss Air Armor Level 1 (Chrono Boost)  
  89  7:52  Assimilator  
  89  7:54  Probe x2  
  89  7:55  Assimilator  
  89  7:57  Stargate  
  87  7:59  Stargate, Carrier  
  87  8:05  Nexus  
  93  8:11  Probe x2  
  95  8:13  Pylon  
  95  8:15  Probe  
  96  8:22  Unknown  
  96  8:23  Probe  
  96  8:26  Carrier  
  103  8:27  Probe  
  103  8:28  Probe  
  105  8:35  Probe  
  106  8:47  Mothership (Chrono Boost)  
  106  9:02  Assimilator  
  106  9:08  Forge  
  106  9:09  Carrier  
  120  9:20  Probe x2 (Chrono Boost)  
  120  9:21  Probe (Chrono Boost)  
  123  9:24  Assimilator  
  123  9:25  Protoss Air Weapons Level 2 (Chrono Boost)  
  123  9:27  Shield Battery  
  123  9:29  Shield Battery  
  123  9:31  Pylon  
  123  9:32  Probe, Protoss Shields Level 1 (Chrono Boost)  
  123  9:37  Probe x2  
  126  9:41  Carrier (Chrono Boost)  
  126  9:44  Probe  
  133  9:49  Probe x2  
  135  9:55  Pylon  
  135  9:56  Probe  
  136  10:01  Probe x2  
  137  10:14  Carrier (Chrono Boost)  
  137  10:15  Probe, Photon Cannon  
  137  10:16  Probe x2  
  137  10:17  Pylon, Shield Battery  
  145  10:28  Probe  
  146  10:34  Carrier x2  
  156  10:47  Void Ray  
  160  11:01  Probe x2  
  160  11:02  Probe x2  
  164  11:05  Photon Cannon  
  164  11:11  Pylon  
  164  11:12  Pylon  
  164  11:14  Photon Cannon  
  164  11:17  Photon Cannon  
  164  11:24  Shield Battery  
  164  11:25  Pylon  
  164  11:29  Probe x3, Void Ray  
  171  11:40  Protoss Air Armor Level 2 (Chrono Boost)  
  171  11:42  Cybernetics Core  
  171  11:45  Photon Cannon  
  170  11:59  Carrier (Chrono Boost)  
  170  12:01  Stargate  
  176  12:02  Pylon  
  176  12:06  Pylon  
  176  12:08  Stargate  
  176  12:11  Twilight Council  
  176  12:17  Pylon  
  176  12:18  Carrier x2 (Chrono Boost)  
  176  12:20  Pylon  
  188  12:34  Photon Cannon  
  188  12:35  Photon Cannon  
  188  12:37  Photon Cannon  
  188  12:39  Nexus, Photon Cannon, Shield Battery  
  188  12:42  Assimilator  
  188  12:43  Shield Battery  
  188  12:45  Carrier (Chrono Boost)  
  194  12:53  Protoss Air Weapons Level 3 (Chrono Boost)  
  194  13:02  Carrier (Chrono Boost)  
  162  13:30  Void Ray x4  
  132  13:42  Void Ray  
  132  13:45  Photon Cannon  
  134  13:48  Shield Battery  
  134  13:52  Shield Battery  
  134  13:56  Assimilator  
  134  13:59  Stargate  
  134  14:03  Protoss Air Armor Level 3 (Chrono Boost)  
  134  14:04  Void Ray  
  138  14:12  Void Ray  
  138  14:13  Void Ray x2  
  150  14:19  Void Ray  
  154  14:26  Pylon  
  154  14:29  Void Ray, Protoss Shields Level 2 (Chrono Boost)  
  158  14:34  Mothership (Chrono Boost)  
  166  14:47  Void Ray  
  164  15:08  Void Ray x4  
  176  15:21  Void Ray x2  
  160  15:30  Void Ray  
  135  15:50  Void Ray  
  135  15:51  Void Ray x3  
  135  16:04  Void Ray  
  37  17:02  Void Ray x4  
  37  17:03  Void Ray x3  
Show
View Real Time Build Order
Export as new Build Order

Marat Protoss 

Build Orders: Oracle Opening, Carriers 

Get SALT Encoding   

  12  0:10  Probe (Chrono Boost)  
  13  0:19  Probe (Chrono Boost)  
  14  0:24  Probe (Chrono Boost)  
  15  0:40  Pylon  
  15  0:45  Assimilator  
  15  0:50  Assimilator  
  15  0:58  Probe  
  15  1:00  Gateway  
  16  1:10  Probe  
  17  1:30  Probe  
  18  1:42  Probe  
  19  1:51  Cybernetics Core  
  19  1:53  Pylon  
  19  1:54  Probe  
  20  2:06  Probe  
  21  2:13  Nexus  
  21  2:18  Probe  
  22  2:30  Stargate  
  22  2:35  Stargate  
  22  3:08  Probe  
  23  3:14  Oracle (Chrono Boost)  
  26  3:20  Probe  
  26  3:26  Pylon, Oracle (Chrono Boost)  
  27  3:32  Probe  
  31  3:37  Probe  
  31  3:39  Assimilator  
  32  3:42  Assimilator  
  32  3:44  Probe  
  33  3:49  Probe  
  34  3:56  Probe  
  34  3:57  Oracle (Chrono Boost)  
  34  4:01  Probe  
  39  4:08  Probe  
  40  4:13  Probe  
  41  4:19  Shield Battery  
  41  4:20  Probe  
  42  4:25  Probe  
  43  4:33  Probe  
  43  4:36  Forge  
  43  4:37  Probe  
  45  4:45  Probe  
  46  4:49  Probe  
  47  5:43  Probe x2  
  49  5:53  Photon Cannon  
  49  5:55  Probe x2  
  51  5:58  Fleet Beacon  
  51  6:00  Protoss Shields Level 1 (Chrono Boost)  
  51  6:03  Pylon  
  51  6:05  Photon Cannon  
  51  6:16  Protoss Air Weapons Level 1 (Chrono Boost)  
  51  6:31  Probe  
  51  6:32  Probe  
  47  7:15  Carrier x2  
  56  7:22  Stargate  
  56  7:23  Pylon  
  56  7:48  Nexus  
  56  7:57  Cybernetics Core  
  56  8:00  Twilight Council  
  56  8:02  Nexus  
  56  8:03  Pylon  
  56  8:05  Protoss Air Armor Level 1 (Chrono Boost)  
  56  8:11  Pylon  
  56  8:16  Carrier  
  56  8:19  Carrier  
  68  8:21  Carrier  
  74  8:28  Pylon  
  74  8:30  Pylon  
  74  8:55  Photon Cannon  
  74  8:56  Photon Cannon  
  74  8:58  Photon Cannon  
  74  8:59  Shield Battery, Protoss Shields Level 2  
  74  9:01  Probe, Pylon  
  75  9:13  Probe  
  76  9:21  Protoss Air Weapons Level 2 (Chrono Boost), Carrier  
  76  9:23  Carrier  
  88  9:25  Probe, Carrier  
  95  9:37  Probe  
  96  9:45  Templar Archives  
  96  9:49  Probe  
  97  10:03  Gateway  
  97  10:05  Gateway  
  97  10:09  Protoss Air Armor Level 2  
  67  10:51  Carrier x2  
  67  10:52  High Templar  
  81  11:00  High Templar  
  83  11:05  Assimilator  
  83  11:07  Probe  
  83  11:09  Protoss Ground Weapons Level 1  
  83  11:10  Assimilator  
  84  11:12  Assimilator  
  84  11:14  Assimilator  
  84  11:19  Pylon  
  84  11:22  Probe (Chrono Boost), Shield Battery  
  84  11:23  Probe (Chrono Boost)  
  86  11:27  Protoss Air Weapons Level 3 (Chrono Boost)  
  86  11:31  Psionic Storm  
  86  11:32  Probe (Chrono Boost)  
  88  11:34  Probe (Chrono Boost)  
  88  11:37  Probe (Chrono Boost)  
  89  11:43  Probe  
  90  11:48  Probe  
  91  11:55  Probe  
  91  12:00  Probe  
  93  12:04  High Templar  
  93  12:07  Probe  
  96  12:13  Probe (Chrono Boost)  
  97  12:19  Probe (Chrono Boost)  
  98  12:25  Warp Gate (Chrono Boost)  
  100  12:30  Probe x2 (Chrono Boost)  
  100  12:35  Probe (Chrono Boost)  
  100  12:36  Probe  
  102  12:45  High Templar  
  102  12:46  Probe  
  102  12:47  Carrier  
  102  12:48  Probe  
  112  12:52  Void Ray  
  112  12:58  Probe  
  117  13:06  Probe  
  117  13:11  Pylon  
  118  13:13  Pylon  
  118  13:15  Pylon  
  118  13:18  Probe  
  119  13:30  Probe  
  114  13:38  High Templar  
  94  13:42  Probe  
  79  14:04  Carrier x3  
  97  14:11  High Templar  
  97  14:12  High Templar  
  101  14:31  High Templar  
  97  14:54  High Templar x2  
  77  15:42  Archon  
  68  15:48  High Templar  
  68  15:49  High Templar  
Tags
 
Add a new tag
Caveats
  • Supply blocks, unpowered buildings, or Contaminate may cause inaccurate times.
  • Supply counts are checked every 10 seconds.